 Dungeon Crawl Stone Soup version 0.23.2-1-ga50397a6bc (webtiles) character file.

Game seed: 10962432692664608696

178 Mrkan the Shield-Bearer (level 5, -1/41 HPs)
             Began as a Barachi Fighter on May 25, 2019.
             Slain by a goblin (2 damage)
             ... led by Robin
             ... on level 4 of the Dungeon.
             The game lasted 00:04:41 (2573 turns).

Mrkan the Shield-Bearer (Barachi Fighter)           Turns: 2573, Time: 00:04:42

Health: -1/41      AC:  6    Str: 22 (23) XL:     5   Next: 58%
Magic:  5/5        EV:  5    Int:  7 (9)  God:
Gold:   168        SH: 15    Dex:  9 (11) Spells: 4/4 levels left

rFire    . . .     SeeInvis .   a - +0 flail
rCold    . . .     Gourm    .   e - +0 large shield
rNeg     . . .     Faith    .   b - +0 scale mail
rPois    .         Spirit   .   (no helmet)
rElec    .         Reflect  .   (no cloak)
rCorr    .         Harm     .   (no gloves)
MR       .....                  (no boots)
Stlth    ..........             (no amulet)
HPRegen  0.13/turn              (no ring)
MPRegen  0.09/turn              (no ring)

@: mighty, slow
A: +LOS, swims, slowness 1, strong legs 1
a: Hop


You were on level 4 of the Dungeon.
You were near starving.

You visited 1 branch of the dungeon, and saw 4 of its levels.

You collected 168 gold pieces.

Inventory:

Hand Weapons
 a - a +0 flail (weapon)
 q - a cursed -1 morningstar
Armour
 b - a +0 scale mail (worn)
 c - a +0 shield
 e - a +0 large shield (worn)
 g - a +0 helmet
 t - a +2 hat
Scrolls
 h - 2 scrolls of immolation {unknown}
 j - 2 scrolls of teleportation {unknown}
 m - a scroll of blinking {unknown}
 n - a scroll of fog {unknown}
 o - 2 scrolls of enchant armour {unknown}
 p - 2 scrolls of fear {unknown}
 s - a scroll of remove curse {unknown}
Potions
 i - a potion of degeneration
 k - a potion of mutation {unknown}
 l - 2 potions of curing
 r - a potion of haste {unknown}
Comestibles
 f - 10 rations


   Skills:
 - Level 3.6 Fighting
 + Level 4.5 Maces & Flails
 - Level 3.6 Armour
 + Level 5.2 Shields


You had 4 spell levels left.
You didn't know any spells.
Your spell library contained the following spells:

 Spells                   Type           Power        Failure   Level  Hunger
 Sandblast                Erth           #.....       100%        1    ##.....
 Passwall                 Tmut/Erth      #.......     100%        2    ###....
 Stone Arrow              Conj/Erth      #.....       100%        3    ####...
 Petrify                  Tmut/Erth      #.......     100%        4    #####..
 Lee's Rapid Deconstruct  Erth           #.........   100%        5    ######.


Dungeon Overview and Level Annotations

Branches:
Dungeon (4/15)
 Temple: D:4-7

Altars:
Ashenzari
Hepliaklqana
Trog
Xom

Annotations:
D:4 Robin


Innate Abilities, Weirdness & Mutations

Shadows flee at your approach. (+LOS)
You can swim through water.
You cover ground slowly.
You can hop short distances.


Message History

You block the orc's attack. The goblin barely misses you.
You block the goblin's attack. The orc hits you but does no damage.
You thump the orc!
You kill the orc!
You block the goblin's attack. The goblin hits you.
* * * LOW HITPOINT WARNING * * *
The goblin hits you.
* * * LOW HITPOINT WARNING * * *
The orc hits you but does no damage.
You closely miss the goblin. The goblin hits you.
* * * LOW HITPOINT WARNING * * *
You block the goblin's attack. The orc hits you with a +0 hand axe.
* * * LOW HITPOINT WARNING * * *
You sock the goblin!
You kill the goblin!
You block the goblin's attack. Robin throws the goblin at you!
The goblin hits you but does no damage. The orc hits you with a +0 hand axe.
* * * LOW HITPOINT WARNING * * *
The goblin hits you.
You die...

#.###.#....g.......#
#.....#>#..g.g....##
#..##.##
#....o#o...###
#.......##..#g...##.#
#.....(s#### .#
..##....g### #
.........go#
#....#.###o#
........# #@#####
..........##gg...#
....#...#...<###..##
..#.#......#.####...#
..#...#.............#
..#........####...
........#..#
.......###....
#...... ......#


You could see Robin, 2 orcs, a hobgoblin and 2 goblins.

Vanquished Creatures
  A scorpion (D:4)
  An orc wizard (D:2)
  A gnoll (D:1)
  2 adders (D:3)
  An ooze (D:1)
  A dart slug (D:1)
  2 leopard geckos
  4 orcs
  4 giant cockroaches
  9 goblins
  5 hobgoblins
  4 jackals (D:2)
  5 kobolds
  A quokka (D:2)
  12 bats
  A frilled lizard (D:3)
  6 rats
60 creatures vanquished.

Notes
Turn   | Place    | Note
-------+----------+-------------------------------------------
     0 | D:1      | Mrkan the Barachi Fighter began the quest for the Orb.
     0 | D:1      | Reached XP level 1. HP: 18/18 MP: 1/1
    49 | D:1      | Reached XP level 2. HP: 4/24 MP: 2/2
   257 | D:1      | Reached XP level 3. HP: 17/29 MP: 3/3
   262 | D:1      | Reached skill level 4 in Shields
   689 | D:2      | Reached XP level 4. HP: 3/36 MP: 4/4
  1151 | D:2      | Found a shattered altar of Ashenzari.
  1577 | D:3      | Found a bloodstained altar of Trog.
  2070 | D:3      | Reached XP level 5. HP: 41/41 MP: 5/5
  2080 | D:3      | Found a hazy altar of Hepliaklqana.
  2222 | D:3      | Found a shimmering altar of Xom.
  2532 | D:4      | Noticed Robin
  2553 | D:4      | Reached skill level 5 in Shields
  2573 | D:4      | HP: 1/41 [orc/+0 hand axe (2)]
  2573 | D:4      | Slain by a goblin

Skill      XL: |  1  2  3  4  5 |
---------------+----------------+-----
Maces & Flails | 3 4 |  4.5
Shields        | 4 5 |  5.2
Fighting       | |  3.6
Armour         | |  3.6

Action                   |  1- 3 |  4- 6 || total
-------------------------+-------+-------++-------
Melee: Flail             |    92 |   131 ||   223
  Use: Potion            |       |     3 ||     3
  Eat: Chunk             |       |     5 ||     5
Armor: Scale mail        |    52 |    62 ||   114
Dodge: Dodged            |    28 |    23 ||    51
Block: Shield            |    23 |       ||    23
       Large shield      |    69 |   150 ||   219
